 Dungeon Crawl Stone Soup version 0.28-a0-1365-g7e0445c96d (webtiles) character file.

Game seed: 12090697129052695819

34 ChaosChampion the Conjurer (level 3, -1/19 HPs)
             Began as a Deep Elf Conjurer on Dec 31, 2021.
             Slain by Grinder (6 damage)
             ... while paralysed by Grinder
             ... on level 3 of the Dungeon.
             The game lasted 00:00:56 (1510 turns).

ChaosChampion the Conjurer (Deep Elf Conjurer)      Turns: 1510, Time: 00:00:57

Health: -1/19      AC:  2    Str:  4    XL:     3   Next: 14%
Magic:  8/10       EV:  2    Int: 24    God:
Gold:   72         SH:  0    Dex: 13    Spells: 6/9 levels left

rFire   . . .      SeeInvis .   (no weapon)
rCold   . . .      Faith    .   (no shield)
rNeg    . . .      Spirit   .   a - +0 robe
rPois   .          Reflect  .   (no helmet)
rElec   .          Harm     .   (no cloak)
rCorr   .          Rampage  .   (no gloves)
Will    .....                   (no boots)
Stlth   ++........              (no amulet)
HPRegen 0.06/turn               (no ring)
MPRegen 0.12/turn               (no ring)

@: paralysed
A: no striking features
a: no special abilities


You were on level 3 of the Dungeon.
You visited 1 branch of the dungeon, and saw 3 of its levels.

You collected 72 gold pieces.

Inventory:

Armour
 a - a +0 robe (worn)
Scrolls
 b - a scroll of blinking {unknown}
 d - a scroll of amnesia {unknown}
 e - a scroll of identify {unknown}
 f - a scroll of vulnerability {unknown}
 h - a scroll of enchant armour {unknown}
Potions
 c - a potion of lignification {unknown}
 g - a potion of heal wounds {unknown}
 i - a potion of degeneration {unknown}


   Skills:
 + Level 3.0 Dodging
 + Level 3.1 Stealth
 + Level 3.5 Spellcasting
 + Level 4.7 Conjurations


You had 6 spell levels left.
You knew the following spells:

 Your Spells              Type           Power      Damage    Failure   Level
a - Magic Dart            Conj           100%       1d8       1%          1
b - Searing Ray           Conj           54%        2d6       2%          2

Your spell library contained the following spells:

 Spells                   Type           Power      Damage    Failure   Level
 Shock                    Conj/Air       60%        1d6       3%          1
 Dazzling Flash           Conj/Hex       30%        N/A       12%         3
 Swiftness                Air            4%         N/A       30%         3
 Fulminant Prism          Conj/Hex       7%         3d7       36%         4
 Iskenderun's Mystic Bla  Conj/Tloc      15%        2d5       36%         4
 Airstrike                Air            2%         N/A       71%         4


Dungeon Overview and Level Annotations

Branches:
Dungeon (3/15)

Altars:

Annotations:
D:3 Grinder


Message History

You can't see any susceptible monsters within range! (Use Z to cast anyway.) Done exploring.
Casting: Magic Dart (safe; 1% risk of failure)
Confirm with . or Enter, or press ? or * to list all spells.
You can't see any susceptible monsters within range! (Use Z to cast anyway.) Done exploring.
(D) Dungeon
Where to? (Enter - D:2, ? - help)
What level of the Dungeon? (default 1, ? - help)
There is an escape hatch in the ceiling here.
There is a stone staircase leading down here.
You climb downwards.
There is a stone staircase leading up here.
You open the door.
Grinder comes into view.
Grinder is nearby!
Casting: Magic Dart (safe; 1% risk of failure)
Confirm with . or Enter, or press ? or * to list all spells.
Aiming: Magic Dart (safe; 1% risk of failure)
Press: ? - help, Shift-Dir - straight line, f - Grinder
Aim: Grinder (asleep, 100% to hit)
The magic dart hits Grinder.
Grinder is lightly wounded.
Grinder shouts!
Grinder is nearby!
Grinder is nearby!
Casting: Magic Dart (safe; 1% risk of failure)
Confirm with . or Enter, or press ? or * to list all spells.
Aiming: Magic Dart (safe; 1% risk of failure)
Press: ? - help, Shift-Dir - straight line, f/p - Grinder
Aim: Grinder (lightly wounded, 100% to hit)
The magic dart hits Grinder.
Grinder is lightly wounded.
Grinder gestures at you.
You suddenly lose the ability to move!
Grinder hits you.
You writhe in agony.
Grinder hits you!
* * * LOW HITPOINT WARNING * * *
You writhe in agony.
You die...

###########
#.........#
#.........##
#..........#
#......@...#
######5###.#
#. #.# #.
#.###### #.
#.....<# #.
######## #.
#.


You could see Grinder.

Vanquished Creatures
  A worm (D:2)
  2 dart slugs (D:1)
  3 ball pythons (D:1)
  4 bats (D:1)
  3 endoplasms
  A hobgoblin (D:1)
  A quokka (D:2)
  A frilled lizard (D:1)
  4 goblins
  2 kobolds (D:1)
  5 rats
27 creatures vanquished.

Notes
Turn   | Place    | Note
-------+----------+-------------------------------------------
     0 | D:1      | ChaosChampion the Deep Elf Conjurer began the quest for the
                  | Orb.
     0 | D:1      | Reached XP level 1. HP: 10/10 MP: 6/6
     6 | D:1      | Noticed a water moccasin
     6 | D:1      | Noticed an iguana
     6 | D:1      | Noticed a black bear
     7 | D:1      | Noticed a redback
     7 | D:1      | Noticed a wolf
   174 | D:1      | Reached XP level 2. HP: 15/15 MP: 4/8
   613 | D:1      | Found a faded altar of an unknown god.
   881 | D:1      | You fall into a shaft and drop 1 floor!
   891 | D:2      | Reached XP level 3. HP: 19/19 MP: 2/10
   894 | D:2      | Learned a level 2 spell: Searing Ray
  1505 | D:3      | Noticed Grinder
  1507 | D:3      | Paralysed by Grinder for 5 turns
  1510 | D:3      | Slain by Grinder

Illustrated notes

Levels and vault maps discovered:
D:1:      onia_arrival_zoo_common, layout_basic, basic_ecumenical_altar
D:2:      layout_basic
D:3:      layout_basic, uniq_grinder, uniq_robin, uniq_terence

Skill      XL: |  1  2 |
---------------+-------+-----
Stealth        | 3 |  3.1
Dodging        | 3 |  3.0
Spellcasting   | |  3.5
Conjurations   | |  4.7

Action                   || total
-------------------------++-------
 Cast: Magic Dart        ||    53
Dodge: Dodged            ||     2

Table legend: (Time is in decaauts)
 A = Elapsed time spent in this place.
 B = Non-inter-level travel time spent in this place.
 C = Inter-level travel time spent in this place.
 D = Time resting spent in this place.
 E = Time spent auto-exploring this place.
 F = Levels seen in this place.
 G = Mean time per level.
                   A        B        C        D        E       F      G
               +--------+--------+--------+--------+--------+-----+--------+
         Total |   1510 |   1398 |    112 |      0 |   1284 |   3 |  503.3 |
       Dungeon |   1510 |   1398 |    112 |      0 |   1284 |   3 |  503.3 |
               +--------+--------+--------+--------+--------+-----+--------+

Top non-repeatable levels by time:
     D:1: 1070 daAuts
     D:2: 422 daAuts
     D:3: 17 daAuts
